 Dungeon Crawl Stone Soup version 0.20-a0-1116-gaa52201 (webtiles) character file.

552 HAL9000 the Cutter (level 7, -3/34 HPs)
             Began as a Vine Stalker Assassin on May 7, 2017.
             Was a Follower of Wu Jian.
             Slain by George's ghost (8 damage)
             ... on level 5 of the Dungeon.
             The game lasted 00:11:15 (3119 turns).

HAL9000 the Cutter (Vine Stalker Assassin)          Turns: 3119, Time: 00:11:15

Health: -3/34      AC:  6    Str: 21    XL:     7   Next: 29%
Magic:  0/8        EV: 14    Int: 11    God:    Wu Jian [*.....]
Gold:   151        SH:  0    Dex: 15    Spells: 6/6 levels left

rFire    . . .     SeeInvis .   C - +0 rapier
rCold    . . .     Gourm    .   (no shield)
rNeg     . . .     Faith    .   F - +0 leather armour {rPois}
rPois    +         Spirit   +   H - +0 helmet
rElec    .         Reflect  .   P - +1 cloak
rCorr    +         Harm     .   (no gloves)
MR       .....                  (no boots)
Stlth    +.........             (no amulet)
Regen    0.6/turn               i - +3 ring of evasion
MPRegen  0.2/turn               J - ring of resist corrosion

@: confused, mighty
A: fangs 2, regeneration 1, magic shield, antimagic bite, no potion heal 3, rot
immunity
a: Renounce Religion


You were on level 5 of the Dungeon.
You worshipped Wu Jian.
Wu Jian was aware of your devotion.
You were not hungry.

You visited 1 branch of the dungeon, and saw 5 of its levels.

You collected 151 gold pieces.

Inventory:

Hand Weapons
 b - a +0 blowgun
 C - a +0 rapier (weapon)
Missiles
 e - 51 poisoned needles
 L - 3 tomahawks (quivered)
Armour
 F - a +0 leather armour of poison resistance (worn)
 H - a +0 helmet (worn)
 P - a +1 cloak (worn)
Jewellery
 i - a +3 ring of evasion (left hand)
 J - a ring of resist corrosion (right hand)
Wands
 M - a wand of acid (0/15)
Scrolls
 k - 2 scrolls of remove curse
 m - a scroll of fog {unknown}
 n - 3 scrolls of enchant weapon {unknown}
 o - a scroll of blinking {unknown}
 p - a scroll of amnesia {unknown}
 r - a scroll of magic mapping {unknown}
 y - a scroll of teleportation {unknown}
 N - a scroll of noise {unknown}
 Q - a scroll of identify
 R - a scroll of enchant armour {unknown}
Potions
 j - 2 potions of might
 l - 2 potions of haste
 w - 2 potions of brilliance
 x - 2 potions of curing
 z - 3 potions of flight
 B - a potion of agility
Comestibles
 g - 5 bread rations
 s - 2 meat rations
 D - 2 fruits
 G - a royal jelly
 O - 4 chunks of flesh


   Skills:
 - Level 1.7 Fighting
 + Level 7.1 Short Blades
 - Level 1.7 Throwing
 - Level 0.7 Dodging
 - Level 4.8 Stealth


You had 6 spell levels left.
You didn't know any spells.

Dungeon Overview and Level Annotations

Branches:
Dungeon (5/15)             Temple (0/1) D:4

Altars:
Cheibriados
Nemelex Xobeh
Okawaru
Qazlal
Uskayaw
Vehumet
Wu Jian

Annotations:
D:5 George's ghost, novice MiFi; Sigmund


Innate Abilities, Weirdness & Mutations

You have extremely sharp teeth.
Your natural rate of healing is unusually fast.
When hurt, damage is shared between your health and your magic reserves.
Your bite disrupts and absorbs the magic of your enemies.
Potions cannot restore your health.
You are immune to rotting.


Message History

George's ghost hits you!
Sigmund zaps a wand.
Some rock shatters into small pieces.
It is a wand of digging (?/24).
You barely miss George's ghost.
George's ghost is moderately damaged.
George's ghost hits you!
Unknown command.
You hit George's ghost but do no damage.
You bite George's ghost! You drain its power.
You feel invigorated.
George's ghost is moderately damaged.
George's ghost hits you!
* * * LOW HITPOINT WARNING * * *
Unknown command.
You hit George's ghost but do no damage.
George's ghost is moderately damaged.
George's ghost misses you.
Unknown command.
Sigmund gestures at you while chanting.
You are confused.
George's ghost hits you!
You die...

########..#.#....#)#..# #.##...#
............#......#.<# #.......
########..#.#......#..####.#.....
......<)..#.# ..@..#.............
########.##.###....#.###.#.#.†...
#.##.#≈≈....#.# #........#
#....#........# #.###....#
#.#..#...W....# #.# #..<.#
#.##.#...@.)#.###.###...##
#.##.#..##..#..##........#
..#..#..#)..#.....#.##....
.....##.##..#.###.#.##..##
###.#W#...##.#.# #....
.#......#.# ###.## #####..#.# .#
#..#.# .# ####. ..


You could see Sigmund and George's ghost.

Vanquished Creatures
  Edmund (D:5)
  An ogre (D:5)
  A howler monkey (D:4)
  An orc priest (D:5)
  4 worker ants
  Robin (D:4)
  A howler monkey zombie (D:5)
  A gnoll (D:2)
  3 adders
  A worm (D:3)
  A dart slug (D:2)
  2 leopard geckos
  13 orcs
  4 giant cockroaches
  18 goblins
  13 hobgoblins
  6 jackals (D:2)
  4 quokkas (D:2)
  6 bats
  6 frilled lizards
  8 kobolds
  11 rats
107 creatures vanquished.

Notes
Turn   | Place    | Note
-------+----------+-------------------------------------------
     0 | D:1      | HAL9000 the Vine Stalker Assassin began the quest for the Orb.
     0 | D:1      | Reached XP level 1. HP: 11/11 MP: 2/2
    23 | D:1      | Reached skill level 2 in Short Blades
   151 | D:1      | Reached XP level 2. HP: 10/15 MP: 3/3
   630 | D:1      | Reached skill level 3 in Short Blades
   666 | D:1      | Reached XP level 3. HP: 16/18 MP: 4/4
  1186 | D:2      | Gained mutation: Your natural rate of healing is unusually fast. [Vine Stalker growth]
  1186 | D:2      | Reached XP level 4. HP: 4/23 MP: 0/5
  1282 | D:2      | Found a sparkling altar of Nemelex Xobeh.
  1425 | D:2      | Reached skill level 4 in Short Blades
  1603 | D:2      | Found a hide-covered altar of Uskayaw.
  1742 | D:3      | Found an ornate altar of the Wu Jian Council.
  1765 | D:3      | Became a worshipper of the Wu Jian Council
  1828 | D:3      | Reached XP level 5. HP: 21/26 MP: 3/6
  1970 | D:3      | Found an iron altar of Okawaru.
  1975 | D:3      | Found a stormy altar of Qazlal.
  1981 | D:3      | Found a radiant altar of Vehumet.
  2226 | D:3      | Found a snail-covered altar of Cheibriados.
  2249 | D:4      | Found a staircase to the Ecumenical Temple.
  2297 | D:4      | Noticed Robin
  2347 | D:4      | Killed Robin
  2446 | D:4      | Reached skill level 5 in Short Blades
  2467 | D:4      | Reached * piety under Wu Jian
  2608 | D:4      | Reached XP level 6. HP: 30/30 MP: 7/7
  2705 | D:5      | Entered Level 5 of the Dungeon
  2760 | D:5      | Noticed George's ghost (novice MiFi)
  2880 | D:5      | Reached skill level 6 in Short Blades
  3024 | D:5      | Reached XP level 7. HP: 31/34 MP: 8/8
  3063 | D:5      | Noticed Edmund
  3085 | D:5      | Killed Edmund
  3085 | D:5      | Reached skill level 7 in Short Blades
  3114 | D:5      | Noticed Sigmund
  3119 | D:5      | Slain by George's ghost

Vault maps used:
D:1:      minmay_arrival_stair_chambers, kennysheep_flooded_box
D:2:      marbit_many_paths, eat_drink_and_be_merry_uskayaw, minmay_pentomino_q4
D:3:      overflow_temple_1_default, cheibriados_altar_1,
          minmay_overflow_temple_star_quad
D:4:      minmay_temple_entry_trees, uniq_robin
D:5:      first_bread, sigmund_edmund_badplayer

Skill      XL: |  1  2  3  4  5  6  7 |
---------------+----------------------+-----
Short Blades   | 2 3 4 5 6 7 |  7.1
Fighting       | |  1.7
Throwing       | |  1.7
Dodging        | |  0.7
Stealth        | |  4.8

Action                   |  1- 3 |  4- 6 |  7- 9 || total
-------------------------+-------+-------+-------++-------
Melee: Dagger            |   131 |    35 |       ||   166
       Bite              |    28 |    61 |     8 ||    97
       Rapier            |       |   161 |    21 ||   182
 Fire: Blowgun           |       |    14 |     6 ||    20
Throw: Tomahawk          |       |     3 |       ||     3
Evoke: Wand              |       |       |     1 ||     1
  Use: Scroll            |       |     9 |       ||     9
       Potion            |       |       |     1 ||     1
 Stab: Sleeping          |     2 |     4 |       ||     6
  Eat: Chunk             |     1 |     6 |       ||     7
Armor: Robe              |    20 |     5 |       ||    25
       Leather armour    |       |    26 |     2 ||    28
Dodge: Dodged            |    71 |   141 |     7 ||   219
